 Dungeon Crawl Stone Soup version 0.30-a0-365-ge7f957f1db (webtiles) character file.

Game seed: 16730090713685416707

122 Darkkill the Shooter (level 4, -1/40 HPs)
             Began as a Minotaur Hunter on Nov 17, 2022.
             Slain by an orc
             ... wielding a +0 hand axe
              (7 damage)
             ... on level 3 of the Dungeon.
             The game lasted 00:01:48 (2087 turns).

Darkkill the Shooter (Minotaur Hunter)              Turns: 2087, Time: 00:01:49

Health: -1/40      AC:  4    Str: 16    XL:     4   Next: 78%
Magic:  3/3        EV: 12    Int:  6    God:
Gold:   121        SH:  0    Dex: 15    Spells: 3/3 levels left

rFire   . . .      SeeInvis .    a - +2 shortbow (freeze)
rCold   . . .      Faith    .    (shield currently unavailable)
rNeg    . . .      Spirit   .    q - +0 leather armour of Eleistra {Slay+2}
rPois   .          Reflect  .    (helmet restricted)
rElec   .          Harm     .    (no cloak)
rCorr   .          Rampage  .    (no gloves)
Will    .....                    s - +0 pair of boots
Stlth   ++........               (no amulet)
HPRegen 0.26/turn                (no ring)
MPRegen 0.08/turn                (no ring)

@: no status effects
A: horns 2, retaliatory headbutt
a: no special abilities


You were on level 3 of the Dungeon.
You visited 1 branch of the dungeon, and saw 3 of its levels.

You collected 121 gold pieces.

Inventory:

Hand Weapons
 a - a +2 shortbow of freezing (weapon)
Missiles
 f - 6 javelins
 k - 25 stones
 p - 6 poisoned darts
Armour
 q - the +0 leather armour of Eleistra (worn) {Slay+2}
   (You found it on level 2 of the Dungeon)

   Slay:      It affects your accuracy & damage with ranged weapons and melee
   (+2).
 s - a +0 pair of boots (worn)
Magical Staves
 j - a staff of earth
Jewellery
 m - a +6 ring of intelligence
 n - an amulet of magic regeneration
Wands
 r - a wand of charming (4)
Scrolls
 b - a scroll of immolation
 l - 3 scrolls of amnesia
Potions
 d - 2 potions of attraction
 e - 2 potions of haste {unknown}
 h - a potion of degeneration {unknown}
 i - a potion of ambrosia {unknown}
 t - 2 potions of magic {unknown}


   Skills:
 + Level 3.7 Fighting
 + Level 5.1 Ranged Weapons
 + Level 3.3 Dodging
 + Level 2.0 Stealth


You had 3 spell levels left.
You didn't know any spells.
Your spell library contained the following spells:

 Spells                   Type           Power      Damage    Failure   Level
 Portal Projectile        Hex/Tloc       0%         N/A       88%         3
 Tukima's Dance           Hex            0%         N/A       88%         3
 Blade Hands              Tmut           0%         N/A       100%        5
 Borgnjor's Revivificati  Necr           0%         N/A       100%        8
 Necromutation            Tmut/Necr      0%         N/A       100%        8
 Death's Door             Necr           0%         N/A       100%        9


Dungeon Overview and Level Annotations

Branches:
Dungeon (3/15)

Altars:


Innate Abilities, Weirdness & Mutations

You have a pair of horns on your head.
You reflexively headbutt those who attack you in melee.


Message History

You drop a +0 leather armour.
As you read the scroll of enchant weapon, it crumbles to dust.
Your +1 shortbow of freezing glows red for a moment.
Blink to where?
Press: ? - help, Dir - move target
As you read the scroll labelled VOIT TE OCOLU, it crumbles to dust.
It was a scroll of blinking.
There is an escape hatch in the floor here.
You slide downwards.
The hatch slams shut behind you.
You see here 8 stones.
You shoot an arrow. The arrow hits the orc!
The arrow freezes the orc.
You kill the orc!
The endoplasm quivers. x2
The orc shouts!
You hear a bark!
The jackal barks!
You hear a bark!
You hear a shout!
The orc shouts!
A bat comes into view.
A jackal comes into view.
An orc comes into view. It is wielding a +0 hand axe.
Your Stealth skill increases to level 2!
You shoot an arrow. The arrow hits the bat.
The arrow freezes the bat.
You kill the bat!
A worm comes into view.
An orc wizard comes into view. It is wielding a +0 dagger.
A jackal comes into view.
You shoot an arrow. The jackal barks!
The orc wizard shouts!
The arrow hits the endoplasm.
The arrow freezes the endoplasm.
You kill the endoplasm!
The orc throws a boomerang.
The boomerang hits you.
The orc throws a boomerang.
The boomerang barely misses you. The endoplasm barely misses you.
You furiously retaliate!
You headbutt the endoplasm. You shoot an arrow. The arrow hits the endoplasm!
The arrow freezes the endoplasm.
You kill the endoplasm!
The orc hits you with a +0 dagger.
You shoot an arrow. The arrow closely misses the orc.
The jackal closely misses you. The orc hits you but does no damage.
The jackal barely misses you.
You shoot an arrow. The arrow hits the orc!
The arrow freezes the orc.
You kill the orc!
The jackal barely misses you. The jackal misses you. You furiously retaliate!
You headbutt the jackal. You shoot an arrow. The arrow hits the jackal.
The arrow freezes the jackal.
The jackal is severely wounded.
The jackal bites you.
The jackal bites you but does no damage.
The orc hits you with a +0 hand axe.
The orc wizard gestures wildly while chanting.
The orc wizard flickers and vanishes!
Deactivating autopickup; reactivate with Ctrl-A.
The jackal misses you. x2; The orc misses you.
You shoot an arrow. The arrow hits the jackal.
The arrow freezes the jackal.
You kill the jackal!
The jackal misses you. The jackal closely misses you. You furiously retaliate!
You headbutt the jackal!
You kill the jackal!
The orc hits you with a +0 hand axe.
You shoot an arrow. The arrow hits the orc.
The arrow freezes the orc.
You kill the orc!
The jackal barely misses you. You furiously retaliate!
You headbutt the jackal!
You kill the jackal!
You shoot an arrow. The arrow hits the worm.
The arrow freezes the worm.
The worm is lightly wounded.
You shoot an arrow. The arrow hits the worm!
The arrow freezes the worm.
The worm is severely wounded.
The orc throws a boomerang.
The boomerang hits you. The worm bites you!
Something hits you but does no damage.
You are too injured to fight recklessly!
You are too injured to fight recklessly!
You are too injured to fight recklessly!
You are too injured to fight recklessly!
You are too injured to fight recklessly!
You shoot an arrow. The arrow hits the worm!
The arrow freezes the worm.
You kill the worm!
The orc hits you with a +0 hand axe.
You hear some strange, mumbled words.
A magic dart appears from out of thin air!
The magic dart hits you. Something hits you.
Found 9 gold pieces and a fuming pink potion.
The orc closely misses you.
Things that are here:
a +0 hand axe; 2 boomerangs; an orc corpse You shoot an arrow.
You hear some strange, mumbled words.
A magic dart appears from out of thin air!
The magic dart hits you.
* * * LOW HITPOINT WARNING * * *
The orc barely misses you.
Aiming: Charm
Press: ? - help, Q - select action, (/) - cycle Shift-Dir - straight line, f - orc
Aim: an orc, wielding a +0 hand axe and quivering boomerangs (chance to affect: 66%)
The orc struggles to resist.
Something hits you but does no damage. The orc barely misses you.
You shoot an arrow. Something hits you.
* * * LOW HITPOINT WARNING * * *
The orc barely misses you.
You shoot an arrow. Something hits you.
* * * LOW HITPOINT WARNING * * *
The orc hits you with a +0 hand axe!
You die...

.. ... .. #.#
#.# #.# ....
... .... #.#.#
#.# #.#.#
.............
#.#.#.#.#.#.#.#
!..).$.†.......
#.#.#.#@#.#.#.#
......){o......
#.#.#.#.#.#.#.#
###.### ..# ###


You could see an orc.

Vanquished Creatures
  Jessica (D:2)
  3 adders (D:2)
  2 worms
  3 orcs (D:3)
  2 ball pythons (D:1)
  4 bats
  4 endoplasms
  2 giant cockroaches
  5 goblins
  11 hobgoblins
  6 jackals
  4 kobolds
  2 quokkas (D:1)
  A frilled lizard (D:1)
  2 rats (D:2)
52 creatures vanquished.

Notes
Turn   | Place    | Note
-------+----------+-------------------------------------------
     0 | D:1      | Darkkill the Minotaur Hunter began the quest for the Orb.
     0 | D:1      | Reached XP level 1. HP: 18/18 MP: 0/0
    86 | D:1      | Reached skill level 1 in Stealth
   205 | D:1      | Reached XP level 2. HP: 25/25 MP: 1/1
   612 | D:1      | Found a faded altar of an unknown god.
   630 | D:1      | Reached XP level 3. HP: 10/31 MP: 2/2
  1430 | D:2      | Reached XP level 4. HP: 38/38 MP: 3/3
  1880 | D:2      | Identified the +0 leather armour of Eleistra {Slay+2}
  1916 | D:2      | Noticed Jessica
  1921 | D:2      | Killed Jessica
  1922 | D:2      | Reached skill level 5 in Ranged Weapons
  2087 | D:3      | HP: 6/40 [something (3)]
  2087 | D:3      | Slain by an orc

Illustrated notes

Levels and vault maps discovered:
D:1:      minmay_arrival_up_and_down, layout_loops_corners,
          shapermc_ecumenical_altar_notcrosses
D:2:      minmay_inner_zag, layout_loops_corners, uniq_jessica
D:3:      layout_basic, tso_metal_star, overflow_temple_1_default,
          nicolae_ru_path_of_blood, gammafunk_temple_overflow_elements,
          st_stairs_11

Skill      XL: |  1  2  3  4 |
---------------+-------------+-----
Stealth        | 1 2 |  2.0
Fighting       | 3 |  3.7
Dodging        | 3 |  3.3
Ranged Weapons | 5 |  5.1

Action                   |  1- 3 |  4- 6 || total
-------------------------+-------+-------++-------
 Fire: Shortbow          |    74 |    30 ||   104
Evoke: Wand              |       |     1 ||     1
  Use: Scroll            |     5 |     2 ||     7
Armor: Leather armour    |    11 |     4 ||    15
Dodge: Dodged            |    20 |    18 ||    38

Table legend: (Time is in decaauts)
 A = Elapsed time spent in this place.
 B = Non-inter-level travel time spent in this place.
 C = Inter-level travel time spent in this place.
 D = Time resting spent in this place.
 E = Time spent auto-exploring this place.
 F = Levels seen in this place.
 G = Mean time per level.
                   A        B        C        D        E       F      G
               +--------+--------+--------+--------+--------+-----+--------+
         Total |   2117 |   1967 |    150 |      0 |   1730 |   3 |  705.7 |
       Dungeon |   2117 |   1967 |    150 |      0 |   1730 |   3 |  705.7 |
               +--------+--------+--------+--------+--------+-----+--------+

Top non-repeatable levels by time:
     D:1: 1087 daAuts
     D:2: 1010 daAuts
     D:3: 20 daAuts

Table legend:
 A = Kills in this place as a percentage of kills in entire the game.
 B = Kills by you in this place as a percentage of kills by you in the entire game.
 C = Kills by friends in this place as a percentage of kills by friends in the entire game.
 D = Other kills in this place as a percentage of other kills in the entire game.
 E = Experience gained in this place as a percentage of experience gained in the entire game.
 F = Experience gained in this place divided by the number of levels of this place that you have seen.
                   A       B       C       D       E      F
               +-------+-------+-------+-------+-------+----------------------
         Total | 100.0 | 100.0 |   N/A |   N/A | 100.0 |  58.3
       Dungeon | 100.0 | 100.0 |   N/A |   N/A | 100.0 |  58.3
               +-------+-------+-------+-------+-------+----------------------
